 Dungeon Crawl Stone Soup version 0.27-a0-1202-ge72e49191c (webtiles) character file.

Game seed: 16222903873751002733

12504 mordus the Grappler (level 11, -1/113 HPs)
             Began as a Troll Monk on June 4, 2021.
             Succumbed to a cane toad's poison
             ... on level 1 of the Lair of Beasts.
             The game lasted 00:18:07 (10676 turns).

mordus the Grappler (Troll Monk)                   Turns: 10676, Time: 00:18:08

Health: -1/113     AC: 10    Str: 28    XL:     11   Next: 63%
Magic:  2/10       EV: 10    Int:  6    God:
Gold:   702        SH:  0    Dex: 14    Spells: 10/10 levels left

rFire    + . .     SeeInvis .     - Unarmed
rCold    + . .     Faith    .   (no shield)
rNeg     . . .     Spirit   +   F - +0 acid dragon scales
rPois    .         Reflect  .   y - +1 hat
rElec    .         Harm     .   B - scarf {rC+ rF+}
rCorr    +         Rampage  .   (gloves unavailable)
Will     .....                  (boots unavailable)
Stlth    +.........             C - amulet of guardian spirit
HPRegen  1.28/turn              n - +6 ring of strength
MPRegen  0.12/turn              (no ring)

@: lethally poisoned (-1 -> -14), hasted, very quick
A: large, unfitting armour, claws 3, regeneration 1, shaggy fur 1, tough skin 1
a: no special abilities


You were on level 1 of the Lair of Beasts.
You visited 3 branches of the dungeon, and saw 15 of its levels.

You collected 702 gold pieces.

Inventory:

Missiles
 t - a curare-tipped dart (quivered)
 M - 4 atropa-tipped darts
Armour
 a - a +0 robe
 x - +0 fire dragon scales
 y - a +1 hat (worn)
 B - a scarf of resistance (worn)
 F - +0 acid dragon scales (worn)
Jewellery
 d - a +6 ring of intelligence
 n - a +6 ring of strength (left claw)
 C - an amulet of guardian spirit (around neck)
 H - a ring of fire
 K - a ring of magical power
Wands
 f - a wand of flame (44)
 o - a wand of polymorph (4)
 w - a wand of paralysis (7)
 D - a wand of acid (17)
 J - a wand of iceblast (11)
Scrolls
 b - 2 scrolls of immolation {unknown}
 h - 3 scrolls of noise {unknown}
 i - 3 scrolls of teleportation {unknown}
 j - 5 scrolls of identify {unknown}
 l - a scroll of vulnerability {unknown}
 m - a scroll of enchant armour {unknown}
 r - 3 scrolls of blinking {unknown}
 s - 4 scrolls of magic mapping {unknown}
 u - 4 scrolls of fog {unknown}
 v - a scroll of holy word {unknown}
 E - 2 scrolls of fear {unknown}
 G - 2 scrolls of brand weapon {unknown}
 N - a scroll of amnesia {unknown}
 O - a scroll of torment {unknown}
 Q - a scroll of silence {unknown}
Potions
 c - 2 potions of cancellation {unknown}
 e - 2 potions of haste
 g - a potion of berserk rage {unknown}
 k - 3 potions of curing {unknown}
 p - 3 potions of attraction {unknown}
 q - a potion of brilliance {unknown}
 z - 2 potions of lignification {unknown}
 A - a potion of heal wounds
 I - a potion of invisibility {unknown}
 L - 2 potions of might {unknown}
 P - a potion of flight {unknown}


   Skills:
 + Level 8.7 Fighting
 + Level 6.3 Armour
 - Level 2.4 Dodging
 - Level 1.0 Stealth
 * Level 13.8 Unarmed Combat


You had 10 spell levels left.
You didn't know any spells.
Your spell library contained the following spells:

 Spells                   Type           Power      Damage    Failure   Level
 Foxfire                  Conj/Fire      0%         2x1d4     52%         1
 Magic Dart               Conj           0%         1d3       52%         1
 Blink                    Tloc           N/A        N/A       65%         2
 Call Imp                 Summ           0%         N/A       65%         2
 Searing Ray              Conj           0%         3d3       65%         2
 Slow                     Hex            0%         N/A       65%         2
 Confusing Touch          Hex            0%         N/A       87%         3
 Conjure Flame            Conj/Fire      0%         6-21      87%         3
 Dazzling Flash           Conj/Hex       0%         N/A       87%         3
 Gell's Gravitas          Tloc           0%         N/A       87%         3
 Inner Flame              Hex/Fire       0%         N/A       87%         3
 Mephitic Cloud           Conj/Pois/Air  0%         N/A       87%         3
 Fulminant Prism          Conj/Hex       0%         3d6       99%         4
 Iskenderun's Mystic Bla  Conj/Tloc      0%         2d3       99%         4
 Petrify                  Tmut/Erth      0%         N/A       99%         4
 Sticky Flame             Conj/Fire      0%         2d3       99%         4
 Fireball                 Conj/Fire      0%         3d3       100%        5
 Metabolic Englaciation   Hex/Ice        0%         N/A       100%        5
 Yara's Violent Unravell  Hex/Tmut       0%         3d3       100%        5


Dungeon Overview and Level Annotations

Branches:
Dungeon (11/15)            Temple (1/1) D:5            Lair (3/6) D:11
    Orc (0/2) D:9
  Swamp: Lair:2-4    Shoals: Lair:2-4     Snake: Lair:2-4    Spider: Lair:2-4

Altars:
Ashenzari
Cheibriados
Dithmenos
Elyvilon
Fedhas
Gozag
Hepliaklqana
Kikubaaqudgha
Makhleb
Nemelex Xobeh
Okawaru
Qazlal
Ru
Sif Muna
Trog
Uskayaw
Vehumet
Wu Jian
Xom
Yredelemnul
Zin
The Shining One
Beogh

Annotations:
D:3 3 runed translucent doors, mordus's ghost, novice DrFE
D:4 2 transporters, zarzak's ghost, amateur DgFi
D:7 1 runed translucent door, Crazy Yiuf


Innate Abilities, Weirdness & Mutations

You are too large for most types of armour.
You have claws for hands.
Your natural rate of healing is unusually fast.
You are covered in fur. (AC +1)
You have tough skin. (AC +1)


Message History

The cane toad stings the fungus!!
You feel very sick.
You feel sick.
You feel sick.
A nearby fungus withers and dies.
You feel sick.
You feel sick.
You feel sick.
You feel sick.
You feel sick.
You feel sick.
You feel sick.
You are no longer poisoned.
There is a stone staircase leading up here.
The cane toad stings the fungus!!
The fungus begins to die.
The cane toad stings you but does no damage.
The cane toad stings the fungus!
You climb upwards.
There is a stone staircase leading down here.
You mangle the cane toad!!
The cane toad is severely wounded.
The cane toad stings you but does no damage.
You scratch the cane toad.
The cane toad is severely wounded.
The cane toad stings you!
* * * LOW HITPOINT WARNING * * *
You are poisoned.
The cane toad poisons you!
You scratch the cane toad. You claw the cane toad.
The cane toad is almost dead.
You feel very sick. The cane toad stings you!
* * * LOW HITPOINT WARNING * * *
You are lethally poisoned!
The cane toad poisons you!
You mangle the cane toad!!
You kill the cane toad!
* * * LOW HITPOINT WARNING * * *
You feel very sick.
It was a potion of haste.
You feel yourself speed up.
You die...

..#....................##
..#..≈≈≈≈§≈............#
..##§≈###§≈§...........#
..##.§####≈§...........##
.....≈≈###§§............#
.....≈≈#≈#≈............##
...#.≈§§≈≈≈............#
..##..§................#
................@......#
.........≈≈≈≈≈≈≈†≈≈≈≈≈.#
.........≈≈≈≈≈≈≈≈≈≈≈≈≈.#
.........≈≈≈≈≈≈≈≈≈≈≈≈≈.##
.........≈≈≈≈≈≈≈≈≈≈≈≈≈..#
.........≈≈≈≈≈≈≈≈≈≈≈≈≈.P#
#........≈≈≈≈≈≈≈≈≈≈≈≈≈.##
##.....................#
..#P#...........#...#.##


There were no monsters in sight!

Vanquished Creatures
  A boulder beetle (Lair:2)
  A two-headed ogre (D:11)
  Pikel (D:7)
  4 cane toads
  A rime drake (Lair:1)
  2 komodo dragons
  Grinder (D:4)
  A shadow (D:10)
  3 wyverns
  A spriggan (Lair:2)
  A steam dragon (D:8)
  2 basilisks
  9 yaks
  Edmund (D:5)
  2 acid dragons
  2 water moccasins (Lair:1)
  6 orc warriors (D:9)
  2 sky beasts
  Duvessa (D:7)
  2 black bears
  A hornet zombie (D:6)
  5 wolves (Lair:2)
  4 centaurs
  4 lemures (D:7)
  A phantom (D:5)
  2 kobold brigands
  8 bullfrogs
  A gnoll sergeant (D:9)
  2 water moccasin zombies
  A water moccasin skeleton (D:6)
  Dowan (D:7)
  11 killer bees
  9 wights (D:8)
  2 howler monkeys
  3 electric eels (Lair:1)
  2 centaur zombies
  3 jellies
  11 orc priests
  A gnoll shaman (D:5)
  A hound (D:4)
  A centaur skeleton (D:5)
  An iguana (D:5)
  Natasha (thrice) (D:4)
  15 orc wizards
  A hound zombie (D:5)
  Robin (D:2)
  A howler monkey zombie (D:9)
  6 adders
  8 gnolls
  2 shadow imps
  3 worms
  A dart slug (D:2)
  66 orcs
  7 ball pythons
  14 endoplasms
  4 giant cockroaches
  17 goblins
  14 hobgoblins
  7 jackals
  4 quokkas
  2 bats
  5 frilled lizards
  19 kobolds
  A rat (D:3)
320 creatures vanquished.

Vanquished Creatures (others)
  16 fungi
  21 plants
  4 toadstools (D:4)
41 creatures vanquished.

Grand Total: 361 creatures vanquished

Notes
Turn   | Place    | Note
-------+----------+-------------------------------------------
     0 | D:1      | mordus the Troll Monk began the quest for the Orb.
     0 | D:1      | Reached XP level 1. HP: 22/22 MP: 0/0
   379 | D:1      | Reached XP level 2. HP: 29/29 MP: 1/1
   741 | D:2      | Found a radiant altar of Vehumet.
   802 | D:2      | Reached XP level 3. HP: 35/36 MP: 2/2
   840 | D:2      | Reached skill level 4 in Unarmed Combat
  1256 | D:2      | Noticed Robin
  1273 | D:2      | Reached XP level 4. HP: 45/45 MP: 3/3
  1292 | D:2      | Killed Robin
  1589 | D:3      | Found a runed translucent gate.
  1593 | D:3      | Found a runed translucent gate.
  1593 | D:3      | Found a runed translucent gate.
  1594 | D:3      | Found an opulent altar of Gozag.
  1967 | D:3      | Noticed mordus's ghost (novice DrFE)
  2163 | D:3      | Reached skill level 5 in Unarmed Combat
  2394 | D:4      | Reached XP level 5. HP: 53/53 MP: 4/4
  2525 | D:4      | Found a transporter.
  2526 | D:4      | Noticed zarzak's ghost (amateur DgFi)
  2526 | D:4      | Noticed an ogre
  2529 | D:4      | Noticed an ogre
  2533 | D:4      | Noticed Natasha
  2537 | D:4      | Noticed an ogre
  2542 | D:4      | Killed Natasha
  2652 | D:4      | Reached XP level 6. HP: 57/62 MP: 5/5
  2671 | D:4      | Reached skill level 6 in Unarmed Combat
  2711 | D:4      | Found a transporter.
  2724 | D:4      | Noticed Grinder
  2737 | D:4      | Killed Grinder
  2796 | D:4      | Reached XP level 7. HP: 70/70 MP: 6/6
  2804 | D:4      | Noticed Natasha
  2816 | D:4      | Killed Natasha
  3091 | D:4      | Reached skill level 7 in Unarmed Combat
  3118 | D:4      | Noticed Natasha
  3121 | D:4      | Killed Natasha
  3260 | D:5      | Entered Level 5 of the Dungeon
  3331 | D:5      | Noticed Edmund
  3381 | D:5      | HP: 3/71 [Edmund/+6 vorpal flail (4)]
  3394 | D:5      | Killed Edmund
  3489 | D:5      | Found a basalt altar of Yredelemnul.
  3491 | D:5      | Found a bloodstained altar of Trog.
  3492 | D:5      | Found an ancient bone altar of Kikubaaqudgha.
  3552 | D:5      | Reached skill level 8 in Unarmed Combat
  3659 | D:5      | Reached skill level 5 in Fighting
  3659 | D:5      | Reached XP level 8. HP: 65/80 MP: 7/7
  3672 | D:5      | Found a staircase to the Ecumenical Temple.
  3681 | Temple   | Entered the Ecumenical Temple
  3990 | D:5      | Reached skill level 9 in Unarmed Combat
  4888 | D:6      | Reached skill level 1 in Armour
  5072 | D:7      | Noticed Dowan
  5086 | D:6      | Reached XP level 9. HP: 47/89 MP: 8/8
  5090 | D:6      | Reached skill level 10 in Unarmed Combat
  5194 | D:7      | Noticed Duvessa
  5197 | D:7      | Killed Dowan
  5406 | D:7      | Killed Duvessa
  5606 | D:7      | Found a runed translucent door.
  5607 | D:7      | Noticed Crazy Yiuf
  5628 | D:7      | Noticed Pikel
  5648 | D:7      | Killed Pikel
  6036 | D:8      | Reached skill level 11 in Unarmed Combat
  6346 | D:8      | Reached XP level 10. HP: 81/102 MP: 9/9
  7027 | D:9      | Identified the +1 chain mail "Lanliwk" {rF+ Will- rCorr
                  | Dex+2}
  7386 | D:9      | Found a staircase to the Orcish Mines.
  7429 | D:9      | Reached skill level 12 in Unarmed Combat
  7673 | D:10     | Entered Level 10 of the Dungeon
  8167 | D:10     | Reached skill level 5 in Armour
  8296 | D:10     | Found a shimmering blue altar of Sif Muna.
  8568 | D:11     | Noticed a two-headed ogre
  8576 | D:11     | Killed a two-headed ogre
  8636 | D:11     | Found a staircase to the Lair.
  8673 | Lair:1   | Entered Level 1 of the Lair of Beasts
  8683 | Lair:1   | Identified the +0 pair of boots of Hepliaklqana's Respect
                  | {*Corrode rElec rF+}
  8688 | Lair:1   | Reached XP level 11. HP: 87/111 MP: 7/10
  8825 | Lair:1   | Reached skill level 13 in Unarmed Combat
  8895 | Lair:1   | Found a basalt altar of Yredelemnul.
  9887 | Lair:2   | Noticed a six-headed hydra
  9993 | Lair:2   | Noticed a boulder beetle
 10010 | Lair:2   | Killed a boulder beetle
 10545 | Lair:3   | Noticed a four-headed hydra
 10675 | Lair:1   | HP: 3/113 [poisoned by a cane toad]
 10676 | Lair:1   | Succumbed to a cane toad's poison

Illustrated notes

Levels and vault maps discovered:
D:1:      lightli_arrival_flooded_house, layout_basic
D:2:      layout_basic, basic_altar, hangedman_feature_mirror, uniq_robin
D:3:      layout_loops_cross, ebering_ghost_gozag, kennysheep_pointless_box
D:4:      cheibrodos_fertilizer, layout_basic, gammafunk_ghost_smash,
          serial_bayou_pond_c, minmay_crystal_room, uniq_grinder, uniq_natasha
D:5:      layout_basic, gammafunk_temple_overflow_forgotten,
          minmay_temple_entry_hall, uniq_edmund
D:6:      layout_basic
D:7:      layout_loops_ring, uniq_duvessa, uniq_pikel, uniq_crazy_yiuf_cottage
D:8:      minmay_angry_zag, layout_basic
D:9:      layout_roguey, david_orc_4, special_room [special_room_orc]
D:10:     layout_long_grid, tgw_sif
D:11:     layout_irregular_city, lair_entry_dummy, serial_shops,
          kennysheep_mini_moat
Temple:   eino_narrow_crystal_temple
Lair:1:   layout_gridlike, basic_altar, serial_bayou_shore_a, grunt_megastairs_1
Lair:2:   layout_long_grid, chequers_serial_rivers_micro_b,
          grunt_forest_large_clearing_hut, grunt_megastairs_5
Lair:3:   layout_chaotic_city, minmay_shoals_entry_centaurs, dummy_snake_entry,
          serial_forest, infiniplex_forest_zigzag_1,
          infiniplex_forest_clump_tiny, infiniplex_forest_side_room,
          infiniplex_forest_lined_2, infiniplex_forest_zigzag_1,
          infiniplex_forest_straight_2, infiniplex_forest_lined_ring,
          serial_bayou_pond_e, grunt_megastairs_4

Skill      XL: |  1  2  3  4  5  6  7  8  9 10 11 |
---------------+----------------------------------+-----
Unarmed Combat | 4 5 6 8 9 11 12 13 | 13.8
Fighting       | 3 4 5 6 7 8 |  8.7
Armour         | 1 3 5 6 |  6.3
Dodging        | |  2.4
Stealth        | |  1.0

Action                   |  1- 3 |  4- 6 |  7- 9 | 10-12 || total
-------------------------+-------+-------+-------+-------++-------
Melee: Unarmed           |    82 |   174 |   310 |   332 ||   898
       Punch             |     1 |     4 |    18 |    34 ||    57
  Use: Potion            |       |       |     1 |     3 ||     4
 Stab: Sleeping          |     2 |     3 |     1 |     1 ||     7
Armor: Robe              |    12 |    31 |    19 |       ||    62
       Skin              |       |       |     1 |       ||     1
       Fire dragon scale |       |       |    71 |       ||    71
       Acid dragon scale |       |       |     7 |   125 ||   132
Dodge: Dodged            |    43 |    78 |   107 |   161 ||   389

Table legend: (Time is in decaauts)
 A = Elapsed time spent in this place.
 B = Non-inter-level travel time spent in this place.
 C = Inter-level travel time spent in this place.
 D = Time resting spent in this place.
 E = Time spent auto-exploring this place.
 F = Levels seen in this place.
 G = Mean time per level.
                   A        B        C        D        E       F      G
               +--------+--------+--------+--------+--------+-----+--------+
         Total |  10552 |  10233 |    319 |    305 |   7788 |  15 |  703.5 |
       Dungeon |   8374 |   8101 |    273 |    136 |   6280 |  11 |  761.3 |
        Temple |    189 |    189 |      0 |      0 |    175 |   1 |  189.0 |
          Lair |   1988 |   1943 |     45 |    169 |   1332 |   3 |  662.7 |
               +--------+--------+--------+--------+--------+-----+--------+

Top non-repeatable levels by time:
  Lair:1: 1113 daAuts
     D:9: 1016 daAuts
     D:4: 968 daAuts
     D:6: 962 daAuts
  Lair:2: 873 daAuts
     D:2: 800 daAuts
     D:3: 796 daAuts
    D:10: 782 daAuts
     D:7: 747 daAuts
     D:5: 738 daAuts
     D:8: 690 daAuts
     D:1: 675 daAuts
    D:11: 196 daAuts
  Temple: 189 daAuts
  Lair:3: 1 daAuts
